TOP OF THE 1ST |
Ellenburg Fighting Dachsunds batting - Pitching for Nolensville Knights : RHP Joe Holland
|
Pitching: RHP Joe Holland
|
|
Batting: LHB Tony Worley
|
0-0: Called Strike 0-1: Foul Ball, location: 2F 0-2: Ball 1-2: Ball 2-2: Ground out 1-3 (Groundball, 34S, EV 68.8 MPH)
|
Batting: LHB Grover Barbaran
|
0-0: Ball 1-0: Ground out 4-3 (Groundball, 4, EV 103.8 MPH)
|
Batting: RHB David Alcabú
|
0-0: Ball 1-0: Swinging Strike 1-1: Swinging Strike 1-2: Ball 2-2: Strikes out swinging
|
Top of the 1st over - 0 runs, 0 hits, 0 errors, 0 left on base; Ellenburg 0 - Nolensville 0 |
BOTTOM OF THE 1ST |
Nolensville Knights batting - Pitching for Ellenburg Fighting Dachsunds : RHP Kini Grinter
|
Pitching: RHP Kini Grinter
|
|
Batting: LHB Jorge Mateu
|
0-0: Fly out, F6 (Popup, 6MD, EV 54.4 MPH)
|
Batting: RHB Nick McGhee
|
0-0: Ball 1-0: Foul Ball, location: 2F 1-1: Ball 2-1: Ball 3-1: SINGLE (Line Drive, 89S, EV 101.9 MPH)
|
Batting: LHB Brian Harmon
|
0-0: Swinging Strike 0-1: Ball 1-1: Foul Ball, location: 2F 1-2: Ball 2-2: Ball 3-2: Foul Ball, location: 2F 3-2: SINGLE (Groundball, 56S, EV 66.2 MPH) (infield hit) Nick McGhee to second
|
Batting: RHB Omar Luoa
|
0-0: Ball 1-0: Foul Ball, location: 2F 1-1: Called Strike Nick McGhee steals 3rd base Brian Harmon to second 1-2: Ground out 6-3 (Groundball, 6, EV 85.0 MPH) Nick McGhee scores Brian Harmon to third
|
Batting: LHB Juan Jimínez
|
0-0: Ball 1-0: Ground out 3-1 (Groundball, 34S, EV 81.2 MPH)
|
Bottom of the 1st over - 1 run, 2 hits, 0 errors, 1 left on base; Ellenburg 0 - Nolensville 1 |
TOP OF THE 2ND |
Ellenburg Fighting Dachsunds batting - Pitching for Nolensville Knights : RHP Joe Holland
|
Batting: LHB Mike Johnstone
|
0-0: Swinging Strike 0-1: Ball 1-1: Swinging Strike 1-2: Ground out 4-3 (Groundball, 4D, EV 88.1 MPH)
|
Batting: LHB Javier Castro
|
0-0: Called Strike 0-1: Ball 1-1: Foul Ball, location: 2F 1-2: Fly out, F5 (Popup, 25F, EV 86.9 MPH)
|
Batting: RHB Sze Qi
|
0-0: Called Strike 0-1: Called Strike 0-2: Ball 1-2: Strikes out swinging
|
Top of the 2nd over - 0 runs, 0 hits, 0 errors, 0 left on base; Ellenburg 0 - Nolensville 1 |
BOTTOM OF THE 2ND |
Nolensville Knights batting - Pitching for Ellenburg Fighting Dachsunds : RHP Kini Grinter
|
Batting: RHB Dale Goodman
|
0-0: Called Strike 0-1: Ball 1-1: Ball 2-1: SOLO HOME RUN (Flyball, 7D, EV 106.2 MPH), Distance : 389 ft
|
Batting: RHB Ace Felder
|
0-0: Called Strike 0-1: Swinging Strike 0-2: Foul Ball, location: 2F 0-2: Fly out, F4 (Line Drive, 4, EV 70.6 MPH)
|
Batting: RHB Juan Perales
|
0-0: Ball 1-0: Ball 2-0: Ball 3-0: Base on Balls
|
Batting: SHB Govaart Baars
|
0-0: Ball 1-0: Ball 2-0: Called Strike 2-1: Ball 3-1: Base on Balls Juan Perales to second
|
Batting: LHB Jorge Mateu
|
0-0: Ball 1-0: Foul Ball, location: 2F 1-1: Ball 2-1: TRIPLE (Flyball, 89XD, EV 89.4 MPH) Juan Perales scores Govaart Baars scores
|
Batting: RHB Nick McGhee
|
0-0: TRIPLE (Flyball, 9D, EV 103.8 MPH) Jorge Mateu scores
|
Batting: LHB Brian Harmon
|
0-0: Ball 1-0: Ball 2-0: Called Strike 2-1: Foul Ball, location: 2F 2-2: Strikes out swinging
|
Batting: RHB Omar Luoa
|
0-0: Ball 1-0: Ball 2-0: Called Strike 2-1: Foul Ball, location: 2F 2-2: Foul Ball, location: 2F 2-2: Ball 3-2: Ground out 6-3 (Groundball, 6, EV 82.5 MPH)
|
Bottom of the 2nd over - 4 runs, 3 hits, 0 errors, 1 left on base; Ellenburg 0 - Nolensville 5 |
TOP OF THE 3RD |
Ellenburg Fighting Dachsunds batting - Pitching for Nolensville Knights : RHP Joe Holland
|
Batting: LHB Eric Manchester
|
0-0: Ball 1-0: SINGLE (Groundball, 6D, EV 105.6 MPH)
|
Batting: RHB Kent Potter
|
0-0: Ball 1-0: Foul Ball, location: 2F 1-1: Swinging Strike 1-2: Ball 2-2: Foul Ball, location: 2F 2-2: Ball 3-2: Strikes out swinging
|
Batting: LHB Larry Moore
|
0-0: Called Strike 0-1: Ball 1-1: Foul Ball, location: 2F 1-2: Strikes out swinging
|
Batting: LHB Tony Worley
|
0-0: Called Strike 0-1: Ball 1-1: Foul Ball, location: 2F 1-2: Fly out, F8 (Line Drive, 8LM, EV 88.8 MPH)
|
Top of the 3rd over - 0 runs, 1 hit, 0 errors, 1 left on base; Ellenburg 0 - Nolensville 5 |
BOTTOM OF THE 3RD |
Nolensville Knights batting - Pitching for Ellenburg Fighting Dachsunds : RHP Kini Grinter
|
Batting: LHB Juan Jimínez
|
0-0: Called Strike 0-1: Swinging Strike 0-2: Ball 1-2: Foul Ball, location: 2F 1-2: Ball 2-2: SINGLE (Line Drive, 9S, EV 95.0 MPH)
|
Batting: RHB Dale Goodman
|
0-0: Fly out, F8 (Flyball, 78XD, EV 102.5 MPH)
|
Batting: RHB Ace Felder
|
0-0: Ball 1-0: Ball 2-0: Called Strike 2-1: Called Strike 2-2: Strikes out looking
|
Batting: RHB Juan Perales
|
0-0: Foul Ball, location: 2F 0-1: Foul Ball, location: 2F 0-2: SINGLE (Line Drive, 4MD, EV 103.8 MPH) Juan Jimínez to second
|
Batting: SHB Govaart Baars
|
0-0: Called Strike 0-1: Ball 1-1: Foul Ball, location: 2F 1-2: SINGLE (Groundball, 3D, EV 95.6 MPH) Juan Jimínez to third Juan Perales to second Runner from 3rd tries for Home, SAFE, throw by RF to home
|
Pitching: LHP Riley Evans
|
|
Batting: LHB Jorge Mateu
|
0-0: Foul Ball, location: 2F 0-1: Ball 1-1: Foul Ball, location: 2F 1-2: Strikes out swinging
|
Bottom of the 3rd over - 1 run, 3 hits, 0 errors, 2 left on base; Ellenburg 0 - Nolensville 6 |
TOP OF THE 4TH |
Ellenburg Fighting Dachsunds batting - Pitching for Nolensville Knights : RHP Joe Holland
|
Batting: LHB Grover Barbaran
|
0-0: Ball 1-0: Fly out, F9 (Line Drive, 9D, EV 92.5 MPH)
|
Batting: RHB David Alcabú
|
0-0: Ground out 6-3 (Groundball, 6, EV 81.9 MPH)
|
Batting: LHB Mike Johnstone
|
0-0: Ball 1-0: Ball 2-0: Ball 3-0: Called Strike 3-1: Called Strike 3-2: Base on Balls
|
Batting: LHB Javier Castro
|
0-0: Ball 1-0: Foul Ball, location: 2F 1-1: Ball 2-1: Foul Ball, location: 2F 2-2: Ball 3-2: Foul Ball, location: 2F 3-2: Foul Ball, location: 2F 3-2: Base on Balls Mike Johnstone to second
|
Batting: RHB Sze Qi
|
0-0: Swinging Strike 0-1: Ball 1-1: Called Strike 1-2: Foul Ball, location: 2F 1-2: Foul Ball, location: 2F 1-2: Foul Ball, location: 2F 1-2: Foul Ball, location: 2F 1-2: Strikes out looking
|
Top of the 4th over - 0 runs, 0 hits, 0 errors, 2 left on base; Ellenburg 0 - Nolensville 6 |
BOTTOM OF THE 4TH |
Nolensville Knights batting - Pitching for Ellenburg Fighting Dachsunds : LHP Riley Evans
|
Batting: RHB Nick McGhee
|
0-0: Ball 1-0: Ground out 6-3 (Groundball, 6, EV 93.1 MPH)
|
Batting: LHB Brian Harmon
|
0-0: Ball 1-0: Called Strike 1-1: Foul Ball, location: 2F 1-2: Ball 2-2: Foul Ball, location: 2F 2-2: Fly out, F8 (Flyball, 8LS, EV 85.0 MPH)
|
Batting: RHB Omar Luoa
|
0-0: Foul Ball, location: 2F 0-1: Called Strike 0-2: Fly out, F9 (Flyball, 89M, EV 90.6 MPH)
|
Bottom of the 4th over - 0 runs, 0 hits, 0 errors, 0 left on base; Ellenburg 0 - Nolensville 6 |
TOP OF THE 5TH |
Ellenburg Fighting Dachsunds batting - Pitching for Nolensville Knights : RHP Joe Holland
|
Batting: LHB Eric Manchester
|
0-0: SINGLE (Groundball, 56D, EV 105.6 MPH)
|
Batting: RHB Kent Potter
|
0-0: Ball 1-0: Foul Ball, location: 2F 1-1: SINGLE (Groundball, 56S, EV 86.9 MPH) (infield hit) Eric Manchester to second
|
Batting: LHB Larry Moore
|
0-0: Swinging Strike 0-1: Foul Ball, location: 2F 0-2: Ball 1-2: Foul Ball, location: 2F 1-2: Ball 2-2: Strikes out swinging
|
Batting: LHB Tony Worley
|
0-0: Called Strike 0-1: Called Strike 0-2: Foul Ball, location: 2F 0-2: Ball 1-2: Foul Ball, location: 2F 1-2: Ball 2-2: Ball 3-2: SINGLE (Groundball, 4MD, EV 94.4 MPH) Eric Manchester to third Kent Potter to second Runner from 3rd tries for Home, SAFE, no throw by CF
|
Batting: LHB Grover Barbaran
|
0-0: Called Strike 0-1: Fielders Choice at 2nd, 4-6 (Groundball, 4, EV 83.1 MPH) Kent Potter to third
|
Batting: RHB David Alcabú
|
0-0: DOUBLE (Line Drive, 7LD, EV 106.2 MPH) Kent Potter scores Grover Barbaran to third
|
Batting: LHB Mike Johnstone
|
0-0: Ball 1-0: Called Strike 1-1: Foul Ball, location: 2F 1-2: Strikes out swinging
|
Top of the 5th over - 2 runs, 4 hits, 0 errors, 2 left on base; Ellenburg 2 - Nolensville 6 |
BOTTOM OF THE 5TH |
Nolensville Knights batting - Pitching for Ellenburg Fighting Dachsunds : LHP Riley Evans
|
Batting: LHB Juan Jimínez
|
0-0: Ball 1-0: Foul Ball, location: 2F 1-1: Ground out U3 (Groundball, 3, EV 86.2 MPH)
|
Batting: RHB Dale Goodman
|
0-0: Foul Ball, location: 2F 0-1: Swinging Strike 0-2: Foul Ball, location: 2F 0-2: Foul Ball, location: 2F 0-2: Strikes out looking
|
Batting: RHB Ace Felder
|
0-0: Ball 1-0: Ball 2-0: Foul Ball, location: 2F 2-1: Foul Ball, location: 2F 2-2: SOLO HOME RUN (Flyball, 78XD, EV 110.0 MPH), Distance : 425 ft
|
Batting: RHB Juan Perales
|
0-0: Ball 1-0: Ball 2-0: Swinging Strike 2-1: Ball 3-1: Called Strike 3-2: Foul Ball, location: 2F 3-2: Foul Ball, location: 2F 3-2: Ground out 6-3 (Groundball, 56, EV 86.2 MPH)
|
Bottom of the 5th over - 1 run, 1 hit, 0 errors, 0 left on base; Ellenburg 2 - Nolensville 7 |
TOP OF THE 6TH |
Ellenburg Fighting Dachsunds batting - Pitching for Nolensville Knights : RHP Joe Holland
|
Batting: LHB Javier Castro
|
0-0: Foul Ball, location: 2F 0-1: Ball 1-1: Fly out, F6 (Popup, 6M, EV 63.1 MPH)
|
Batting: RHB Sze Qi
|
0-0: Ball 1-0: Called Strike 1-1: Called Strike 1-2: Ball 2-2: Ball 3-2: SOLO HOME RUN (Flyball, 7D, EV 97.5 MPH), Distance : 375 ft
|
Batting: LHB Eric Manchester
|
0-0: Called Strike 0-1: Fly out, F3 (Popup, 3F, EV 75.0 MPH)
|
Batting: RHB Kent Potter
|
0-0: Ball 1-0: Called Strike 1-1: SINGLE (Groundball, 6, EV 83.1 MPH) (infield hit)
|
Batting: LHB Larry Moore
|
0-0: Called Strike 0-1: Swinging Strike 0-2: Foul Ball, location: 2F 0-2: SINGLE (Line Drive, 78M, EV 85.0 MPH) Kent Potter to second
|
Batting: LHB Tony Worley
|
0-0: Ball 1-0: Swinging Strike 1-1: Foul Ball, location: 2F 1-2: Ball 2-2: Ball 3-2: Ground out 4-3 (Groundball, 4, EV 81.9 MPH)
|
Top of the 6th over - 1 run, 3 hits, 0 errors, 2 left on base; Ellenburg 3 - Nolensville 7 |
BOTTOM OF THE 6TH |
Nolensville Knights batting - Pitching for Ellenburg Fighting Dachsunds : LHP Riley Evans
|
Batting: SHB Govaart Baars
|
0-0: Foul Ball, location: 2F 0-1: Ball 1-1: Ball 2-1: Called Strike 2-2: Ball 3-2: Strikes out swinging
|
Batting: LHB Jorge Mateu
|
0-0: Fly out, F7 (Flyball, 7S, EV 82.5 MPH)
|
Batting: RHB Nick McGhee
|
0-0: Called Strike 0-1: Ball 1-1: Called Strike 1-2: Strikes out swinging
|
Bottom of the 6th over - 0 runs, 0 hits, 0 errors, 0 left on base; Ellenburg 3 - Nolensville 7 |
TOP OF THE 7TH |
Ellenburg Fighting Dachsunds batting - Pitching for Nolensville Knights : RHP Joe Holland
|
Pitching: LHP Alex Calhoun
|
|
Batting: LHB Grover Barbaran
|
0-0: Foul Ball, location: 2F 0-1: Swinging Strike 0-2: Ball 1-2: Foul Ball, location: 2F 1-2: Ground out 4-3 (Groundball, 4, EV 96.9 MPH)
|
Batting: RHB David Alcabú
|
0-0: Called Strike 0-1: SINGLE (Groundball, 2L, EV 72.5 MPH) (infield hit)
|
Batting: LHB Mike Johnstone
|
0-0: Ball David Alcabú steals 2nd base 1-0: Ball 2-0: Ball 3-0: Called Strike 3-1: Called Strike 3-2: Foul Ball, location: 2F 3-2: Fly out, F7 (Flyball, 7LM, EV 87.5 MPH)
|
Batting: LHB Javier Castro
|
0-0: Ball 1-0: Ball 2-0: Called Strike 2-1: SINGLE (Groundball, 4MD, EV 101.9 MPH) David Alcabú to third Runner from 3rd tries for Home, SAFE, no throw by CF
|
Batting: RHB Sze Qi
|
0-0: Called Strike Javier Castro steals 2nd base 0-1: Foul Ball, location: 2F 0-2: Ball 1-2: Ball 2-2: Ball 3-2: Fly out, F8 (Line Drive, 8LD, EV 95.6 MPH)
|
Top of the 7th over - 1 run, 2 hits, 0 errors, 1 left on base; Ellenburg 4 - Nolensville 7 |
BOTTOM OF THE 7TH |
Nolensville Knights batting - Pitching for Ellenburg Fighting Dachsunds : LHP Riley Evans
|
Batting: LHB Brian Harmon
|
0-0: Called Strike 0-1: Ball 1-1: Fly out, F6 (Flyball, 56D, EV 81.9 MPH)
|
Batting: RHB Omar Luoa
|
0-0: Ball 1-0: Fly out, F4 (Popup, 3S, EV 89.4 MPH)
|
Batting: LHB Juan Jimínez
|
0-0: Swinging Strike 0-1: Swinging Strike 0-2: Strikes out swinging
|
Bottom of the 7th over - 0 runs, 0 hits, 0 errors, 0 left on base; Ellenburg 4 - Nolensville 7 |
TOP OF THE 8TH |
Ellenburg Fighting Dachsunds batting - Pitching for Nolensville Knights : LHP Alex Calhoun
|
Batting: LHB Eric Manchester
|
0-0: Swinging Strike 0-1: Called Strike 0-2: Ground out 5-3 (Groundball, 56S, EV 85.6 MPH)
|
Batting: RHB Kent Potter
|
0-0: Ball 1-0: Fly out, F9 (Flyball, 9, EV 92.5 MPH)
|
Batting: LHB Larry Moore
|
0-0: Fly out, F7 (Flyball, 7LS, EV 84.4 MPH)
|
Top of the 8th over - 0 runs, 0 hits, 0 errors, 0 left on base; Ellenburg 4 - Nolensville 7 |
BOTTOM OF THE 8TH |
Nolensville Knights batting - Pitching for Ellenburg Fighting Dachsunds : LHP Riley Evans
|
Batting: RHB Dale Goodman
|
0-0: Ball 1-0: Ball 2-0: Foul Ball, location: 2F 2-1: Ball 3-1: Swinging Strike 3-2: Strikes out swinging
|
Batting: RHB Ace Felder
|
0-0: Called Strike 0-1: Ball 1-1: Ball 2-1: Foul Ball, location: 2F 2-2: Strikes out swinging
|
Batting: RHB Juan Perales
|
0-0: Ball 1-0: DOUBLE (Flyball, 8RXD, EV 100.0 MPH)
|
Pitching: LHP Tomás Alfonso
|
|
Batting: SHB Govaart Baars
|
0-0: Ball 1-0: Ground out 6-3 (Groundball, 56, EV 101.9 MPH)
|
Bottom of the 8th over - 0 runs, 1 hit, 0 errors, 1 left on base; Ellenburg 4 - Nolensville 7 |
TOP OF THE 9TH |
Ellenburg Fighting Dachsunds batting - Pitching for Nolensville Knights : LHP Alex Calhoun
|
Pitching: LHP Chun-yeong Byung-Ho
|
|
Batting: LHB Tony Worley
|
0-0: Ball 1-0: Ball 2-0: Foul Ball, location: 2F 2-1: Fly out, F5 (Popup, 56S, EV 75.0 MPH)
|
Batting: LHB Grover Barbaran
|
0-0: Ball 1-0: Ball 2-0: Fly out, F8 (Flyball, 8RM, EV 76.9 MPH)
|
Batting: RHB David Alcabú
|
0-0: Called Strike 0-1: Ball 1-1: Swinging Strike 1-2: Ball 2-2: Ball 3-2: Strikes out swinging
|
Top of the 9th over - 0 runs, 0 hits, 0 errors, 0 left on base; Ellenburg 4 - Nolensville 7 |
|